AoeStats
← DarkPaladinX

Black Forest

509586426Analyzed
4v4 RM · 3d ago on Sep 27, 2026· 49m 14s· 8 players
Game mode
Random Map
Map size
Large (8 player)
Population
200
Speed
Normal
Resources
Standard
Victory
Conquest
Starting age
Dark Age
Ending age
Imperial Age
RankedLock teamsTeams togetherTeam positionsShared explorationLock speedFull tech treeHidden civsTurbo modeCheats
Victory
Defeat
🇦🇺 Lithuanians · Australia
1591
+13
🇦🇺 Byzantines · Australia
1556
+14
🇦🇺 Danes · Australia
1543
+15
🇦🇺 Danes · Australia
1525
+16
🇹🇷 Mongols · Türkiye
1567
-16
🇺🇸 Celts · United States
1531
-15
🇻🇳 Bulgarians · Vietnam
1518
-14
🇮🇳 Vikings · India
1474
-13
5:06 Loom
10:00 Feudal Age
13:59 Wheelbarrow
16:59 Fletching
17:03 Horse Collar
26:41 Castle Age
26:19 Double-Bit Axe
32:31 Bodkin Arrow
34:21 Scale Barding Armor
35:04 Gambesons
35:19 Squires
35:43 Scale Mail Armor
35:53 Forging
36:31 Bow Saw
38:07 Chain Mail Armor
42:59 Imperial Age
40:39 Gold Mining
41:32 Hand Cart
41:12 Arson
42:37 Heavy Plow
44:20 Plate Mail Armor
44:26 Iron Casting
43:46 Stone Mining
44:31 Gold Shaft Mining
44:52 Caravan
45:25 Conscription
46:03 Onager
48:45 Blast Furnace
47:30 Siege Onager
48:14 Siege Onager
49:44 Crop Rotation
Parle Genius
1:55 Loom
11:15 Feudal Age
18:37 Castle Age
16:38 Double-Bit Axe
16:56 Horse Collar
17:26 Gold Mining
17:40 Fletching
18:43 Crossbowman
20:13 Bow Saw
21:29 Heavy Plow
21:56 Stone Mining
26:15 Bodkin Arrow
27:12 Gold Shaft Mining
27:12 Town Watch
26:54 Pikeman
32:35 Imperial Age
33:16 Arbalester
33:59 Bracer
33:59 Padded Archer Armor
34:21 Ballistics
35:02 Chemistry
35:15 Leather Archer Armor
35:22 Squires
36:50 Scale Mail Armor
37:00 Forging
37:21 Ring Archer Armor
38:59 Two-Man Saw
39:45 Town Patrol
40:21 Arson
46:08 Elite Varangian Guard
DarkPaladinX
10:34 Feudal Age
11:18 Double-Bit Axe
14:10 Castle Age
12:16 Horse Collar
15:16 Bow Saw
15:07 Heavy Plow
24:17 Gold Mining
27:41 Imperial Age
25:56 Wheelbarrow
26:03 Gold Shaft Mining
26:08 Caravan
27:40 Hand Cart
27:11 Loom
27:23 Stone Mining
26:59 Pikeman
27:45 Halberdier
28:35 Town Watch
28:16 Onager
31:20 Chemistry
30:29 Scale Mail Armor
30:41 Siege Onager
32:29 Siege Engineers
36:44 Chain Mail Armor
36:40 Forging
37:36 Conscription
37:27 Furor Celtica
37:44 Town Patrol
39:28 Fortified Wall
40:32 Plate Mail Armor
40:45 Masonry
41:08 Fletching
46:06 Bodkin Arrow
50:05 Iron Casting
Monk
10:31 Feudal Age
12:19 Double-Bit Axe
12:17 Horse Collar
14:38 Castle Age
15:40 Wheelbarrow
16:50 Bow Saw
16:43 Heavy Plow
18:43 Loom
24:04 Stone Mining
24:04 Gold Mining
24:34 Hand Cart
28:39 Imperial Age
25:57 Town Watch
26:12 Padded Archer Armor
26:03 Fletching
26:59 Stone Shaft Mining
27:03 Gold Shaft Mining
27:36 Ballistics
27:13 Bodkin Arrow
27:33 Leather Archer Armor
28:47 Caravan
29:00 Husbandry
29:10 Bloodlines
29:19 Thumb Ring
28:35 Elite Skirmisher
29:19 Elite Mangudai
30:20 Conscription
31:08 Chemistry
32:18 Bracer
32:31 Masonry
Byzantine
1:11 Loom
11:07 Feudal Age
14:54 Castle Age
13:41 Double-Bit Axe
15:53 Horse Collar
21:46 Bow Saw
24:06 Heavy Plow
24:04 Gold Mining
24:58 Wheelbarrow
25:56 Hand Cart
26:20 Gold Shaft Mining
27:11 Stone Mining
27:38 Scale Barding Armor
30:45 Imperial Age
29:09 Chain Barding Armor
29:00 Forging
29:13 Redemption
30:05 Sanctity
31:26 Iron Casting
30:49 Elite Cataphract
31:53 Conscription
31:52 Block Printing
32:35 Plate Barding Armor
32:04 Husbandry
32:42 Stone Shaft Mining
36:57 Fletching
38:51 Coinage
38:23 Caravan
38:34 Guilds
47:07 Banking
RogerRamjet
5:07 Loom
5:15 Loom
11:42 Feudal Age
11:45 Man-at-Arms
14:48 Fletching
21:44 Double-Bit Axe
21:39 Horse Collar
24:39 Wheelbarrow
28:12 Castle Age
26:06 Horse Collar
28:09 Gold Mining
28:10 Stone Mining
29:47 Bow Saw
29:37 Heavy Plow
32:24 Imperial Age
34:19 Chemistry
33:11 Elite Skirmisher
35:42 Bodkin Arrow
36:21 Padded Archer Armor
37:00 Bracer
42:39 Leather Archer Armor
44:46 Hand Cart
45:32 Ballistics
46:49 Caravan
48:33 Coinage
BariBhai
10:48 Feudal Age
12:19 Wheelbarrow
14:51 Castle Age
13:11 Horse Collar
14:02 Double-Bit Axe
17:10 Bow Saw
23:31 Hand Cart
28:18 Imperial Age
25:34 Loom
25:35 Town Watch
26:23 Gold Mining
28:27 Onager
28:29 Northmen's Fury
29:30 Conscription
29:21 Siege Engineers
31:03 Chemistry
31:18 Chemistry
30:39 Ballistics
29:43 Siege Onager
31:46 Capped Ram
33:25 Heavy Scorpion
35:00 Gold Shaft Mining
35:08 Siege Ram
Mau5
11:43 Feudal Age
15:20 Castle Age
13:22 Double-Bit Axe
13:19 Horse Collar
15:04 Padded Archer Armor
14:55 Fletching
16:07 Bodkin Arrow
26:53 Bow Saw
27:19 Stone Mining
27:21 Gold Mining
28:06 Wheelbarrow
27:45 Heavy Plow
31:32 Imperial Age
29:15 Scale Mail Armor
29:18 Squires
29:04 Arson
30:24 Chain Mail Armor
30:19 Forging
32:38 Siege Engineers
31:54 Onager
32:48 Northmen's Fury
33:50 Conscription
36:49 Siege Onager
38:04 Elite Jomsviking
38:57 Siege Onager
43:27 Chemistry
42:38 Masonry
Connection lost

Rejoining the realm…

Still unreachable

The connection could not be restored.

Session expired

The server has moved on; the page needs a fresh start.